 Dungeon Crawl Stone Soup version 0.29-a0-418-gc0181ea820 (webtiles) character file.

Game seed: 7589389017817067093

79 xian the Shooter (level 4, 0/37 HPs)
             Began as a Minotaur Hunter on May 17, 2022.
             Was an Initiate of Dithmenos.
             Slain by a hound (3 damage)
             ... on level 3 of the Dungeon.
             The game lasted 00:06:47 (1766 turns).

xian the Shooter (Minotaur Hunter)                  Turns: 1766, Time: 00:06:48

Health: 0/37       AC:  4    Str: 16    XL:     4   Next: 16%
Magic:  3/3        EV: 12    Int:  6    God:    Dithmenos [......]
Gold:   97         SH:  0    Dex: 15    Spells: 3/3 levels left

rFire   . . .      SeeInvis .   a - +1 shortbow
rCold   . . .      Faith    .   (shield currently unavailable)
rNeg    . . .      Spirit   .   l - +2 robe {Will+}
rPois   .          Reflect  .   (helmet restricted)
rElec   .          Harm     .   (no cloak)
rCorr   .          Rampage  .   (no gloves)
Will    +....                   (no boots)
Stlth   ++........              (no amulet)
HPRegen 0.12/turn               (no ring)
MPRegen 0.08/turn               (no ring)

@: mighty, about to teleport
A: horns 2, retaliatory headbutt
a: Renounce Religion


You were on level 3 of the Dungeon.
You worshipped Dithmenos.
Dithmenos was noncommittal.
You visited 1 branch of the dungeon, and saw 3 of its levels.

You collected 97 gold pieces.

Inventory:

Hand Weapons
 a - a +1 shortbow (weapon)
Missiles
 o - 6 javelins
Armour
 l - a +2 robe of willpower (worn)
Scrolls
 c - a scroll of immolation
 d - 2 scrolls of identify
 e - a scroll of fog {unknown}
 f - a scroll of fear {unknown}
 j - a scroll of poison
 k - a scroll of enchant weapon {unknown}
 n - a scroll of blinking {unknown}
 p - a scroll of amnesia {unknown}
Potions
 b - a potion of curing {unknown}
 g - a potion of degeneration {unknown}
 h - a potion of ambrosia {unknown}
 m - a potion of might


   Skills:
 + Level 2.9 Fighting
 + Level 5.9 Bows
 + Level 0.6 Armour
 + Level 2.3 Dodging
 + Level 1.0 Stealth


You had 3 spell levels left.
You didn't know any spells.
Your spell library contained the following spells:

 Spells                   Type           Power      Damage    Failure   Level
 Animate Skeleton         Necr           0%         N/A       45%         1
 Apportation              Tloc           0%         N/A       45%         1
 Freeze                   Ice            0%         1d3       45%         1
 Summon Small Mammal      Summ           0%         N/A       45%         1
 Frozen Ramparts          Ice            0%         1d2       83%         3
 Hailstorm                Conj/Ice       0%         3d3       99%         4


Dungeon Overview and Level Annotations

Branches:
Dungeon (3/15)

Altars:
Dithmenos

Shops:
D:1 *   D:2 !:*[

Annotations:
D:3 Terence


Innate Abilities, Weirdness & Mutations

You have a pair of horns on your head.
You reflexively headbutt those who attack you in melee.


Message History

It is a scroll of identify.
j - 2 scrolls of poison The hound closely misses you.
Terence hits you but does no damage.
Really read the scroll of poison?
The air fills with toxic fumes!
As you read the scroll of poison, it crumbles to dust.
The hound bites you but does no damage. The hound bites you.
* * * LOW HITPOINT WARNING * * *
Terence says, "How do you enjoy it?" Terence closely misses you.
Really attack while wielding your +1 shortbow? [Y]es or [N]o only, please.
Really attack while wielding your +1 shortbow?
Okay, then.
It was a potion of might.
You feel very mighty all of a sudden. The hound bites you.
* * * LOW HITPOINT WARNING * * *
Terence hits you with a +0 hand axe.
* * * LOW HITPOINT WARNING * * *
Okay, then.
Really walk into that cloud of poison gas? [Y]es or [N]o only, please.
Really walk into that cloud of poison gas? [Y]es or [N]o only, please.
Really walk into that cloud of poison gas?
Okay, then.
Really attack while wielding your +1 shortbow?
Okay, then.
Really attack while wielding your +1 shortbow?
Okay, then.
Unknown command.
Okay, then.
Okay, then.
You don't know any spells.
You are too injured to fight recklessly!
As you read the scroll labelled HEIQYH HYUKOKHLAN, it crumbles to dust.
You feel strangely unstable.
It was a scroll of teleportation.
The hound bites you.
You die...

)...........##..#..##...##
.##....##§§§§.§###§§#§§§.#
....#.#..§§§§.#§§§§§§§§§.#
####....##§§§§#§§§§§§§§§.# #
.....<####§§§§#§§§§§§§§§.##..
..##.## #§§§§§§§§§§§§§§....#
#. #.# #§§§§§§§§§§§§§§.....
.. ... §§§§§§§§§§§§§§§..###
....... .§§§§§§§@§§§§§§§.....
......####§§§§§h@§§§§§§...##
.......# #§§§§§§§§§§§§§.#.#
....$.# §§§§§##§###§§§§.....
##### #§§#######.... ##§#
###. .§. ..§§. ....>..


You could see Terence and a hound.

Vanquished Creatures
  Jessica (D:2)
  A worm (D:2)
  3 dart slugs
  5 ball pythons
  4 bats
  2 endoplasms
  A giant cockroach (D:1)
  5 goblins
  2 hobgoblins (D:2)
  6 kobolds
  4 quokkas
  3 frilled lizards
  5 rats
42 creatures vanquished.

Notes
Turn   | Place    | Note
-------+----------+-------------------------------------------
     0 | D:1      | xian the Minotaur Hunter began the quest for the Orb.
     0 | D:1      | Reached XP level 1. HP: 18/18 MP: 0/0
   307 | D:1      | Reached XP level 2. HP: 25/25 MP: 1/1
   399 | D:1      | Found Upsiyj's Assorted Antiques.
   443 | D:1      | Reached skill level 5 in Bows
   853 | D:2      | Reached XP level 3. HP: 30/30 MP: 2/2
   883 | D:2      | Noticed Jessica
   887 | D:2      | Killed Jessica
   952 | D:2      | Found Xausol's Antique Armour Shoppe.
  1061 | D:2      | Found a shadowy altar of Dithmenos.
  1069 | D:2      | Became a worshipper of Dithmenos the Shadowed
  1106 | D:2      | Found Faal's Book Emporium.
  1122 | D:2      | Found Peank's Distillery.
  1191 | D:2      | Reached XP level 4. HP: 37/37 MP: 3/3
  1194 | D:2      | Found Cacugy's General Store.
  1219 | D:2      | Found a faded altar of an unknown god.
  1499 | D:2      | Reached skill level 1 in Stealth
  1747 | D:3      | Noticed Terence
  1766 | D:3      | Slain by a hound

Illustrated notes

Levels and vault maps discovered:
D:1:      nzn_arrival_water_spiral, layout_loops_cross, serial_shops, shop
D:2:      layout_basic, ebering_ecumenical_altar_sacrificial, serial_shops,
          nicolae_shop_overgrown_old_shop, shop, shop, nicolae_shop_waterfront,
          basic_altar, uniq_jessica
D:3:      layout_rooms, demons_altar, uniq_terence

Skill      XL: |  1  2  3  4 |
---------------+-------------+-----
Bows           | 5 |  5.9
Stealth        | 1 |  1.0
Fighting       | |  2.9
Armour         | |  0.6
Dodging        | |  2.3

Action                   |  1- 3 |  4- 6 || total
-------------------------+-------+-------++-------
 Fire: Shortbow          |    85 |    27 ||   112
  Use: Scroll            |       |     3 ||     3
       Potion            |       |     1 ||     1
Armor: Leather armour    |     6 |       ||     6
       Robe              |       |     5 ||     5
Dodge: Dodged            |    23 |    15 ||    38

Table legend: (Time is in decaauts)
 A = Elapsed time spent in this place.
 B = Non-inter-level travel time spent in this place.
 C = Inter-level travel time spent in this place.
 D = Time resting spent in this place.
 E = Time spent auto-exploring this place.
 F = Levels seen in this place.
 G = Mean time per level.
                   A        B        C        D        E       F      G
               +--------+--------+--------+--------+--------+-----+--------+
         Total |   1803 |   1767 |     36 |      0 |   1463 |   3 |  601.0 |
       Dungeon |   1803 |   1767 |     36 |      0 |   1463 |   3 |  601.0 |
               +--------+--------+--------+--------+--------+-----+--------+

Top non-repeatable levels by time:
     D:2: 882 daAuts
     D:1: 817 daAuts
     D:3: 103 daAuts
